 Dungeon Crawl Stone Soup version 0.31.0-11-ge490571c62 (webtiles) character file.

Game seed: 9710059491641676847

42 SnakkuSnakku7 the Ducker (level 3, 0/27 HPs)
             Began as a Merfolk Air Elementalist on Jan 30, 2024.
             Slain by a ribbon worm (7 damage)
             ... on level 3 of the Dungeon.
             The game lasted 00:01:54 (1253 turns).

SnakkuSnakku7 the Ducker (Merfolk Air Elementalist) Turns: 1253, Time: 00:01:54

Health: 0/27       AC:  2    Str: 10    XL:     3   Next: 56%
Magic:  6/6        EV: 12    Int: 14    God:
Gold:   81         SH:  0    Dex: 14    Spells: 5/6 levels left

rFire   . .          .
                       - Unarmed
rCold   . . .        (no shield)
rNeg    . . .        a - +0 robe
rPois   .            (no helmet)
rElec   .            (no cloak)
rCorr   .            (no gloves)
SInv    .            (no boots)
Will    .....        (no amulet)
Stlth   ++           (no ring)
HPRegen 0.24/turn    (no ring)
MPRegen 0.10/turn

%: no passive effects
@: no status effects
A: (nimble swimmer 2), mertail
a: no special abilities


You were on level 3 of the Dungeon.
You visited 1 branch of the dungeon, and saw 3 of its levels.

You collected 81 gold pieces.

Inventory:

Armour
 a - a +0 robe (worn)
 h - a +0 kite shield
Scrolls
 c - a scroll of revelation {unknown}
 f - a scroll of immolation {unknown}
 g - a scroll of identify {unknown}
 i - a scroll of teleportation {unknown}
Potions
 b - a potion of magic
 d - 2 potions of enlightenment {unknown}
 e - a potion of cancellation {unknown}
 j - 2 potions of degeneration {unknown}
 k - a potion of mutation {unknown}


   Skills:
 + Level 2.2 Fighting
 - Level 2.6 Dodging
 - Level 2.1 Stealth
 + Level 2.2 Unarmed Combat
 - Level 2.0 Spellcasting
 - Level 0.7 Conjurations
 - Level 2.4 Air Magic


You had 5 spell levels left.
You knew the following spells:

 Your Spells              Type           Power      Damage    Failure   Level
a - Shock                 Conj/Air       20%        1d4       13%         1

Your spell library contained the following spells:

 Spells                   Type           Power      Damage    Failure   Level
 Static Discharge         Conj/Air       10%        3-4/arc   19%         2
 Foxfire                  Conj/Fire      8%         2x1d4     21%         1
 Swiftness                Air            8%         N/A       26%         3
 Jinxbite                 Hex            2%         N/A       34%         2
 Call Canine Familiar     Summ           1%         N/A       56%         3
 Sigil of Binding         Hex            1%         N/A       56%         3
 Airstrike                Air            4%         2d(1-17)  65%         4
 Animate Dead             Necr           1%         N/A       93%         4
 Dimensional Bullseye     Hex/Tloc       0%         N/A       93%         4
 Borgnjor's Vile Clutch   Necr/Erth      0%         N/A       100%        5
 Yara's Violent Unravell  Hex/Alch       0%         3d3       100%        5
 Death Channel            Necr           0%         N/A       100%        6
 Plasma Beam              Fire/Air       2%         2x1d12    100%        6
 Sculpt Simulacrum        Ice/Alch       0%         N/A       100%        6
 Starburst                Conj/Fire      1%         6d3       100%        6
 Enfeeble                 Hex            0%         N/A       100%        7
 Ozocubu's Refrigeration  Ice            0%         4d7       100%        7
 Polar Vortex             Ice            0%         N/A       100%        9


Dungeon Overview and Level Annotations

Branches:
Dungeon (3/15)

Altars:

Annotations:
D:2 Terence


Innate Abilities, Weirdness & Mutations

((You are very nimble when in or above water. (Stealth+, EV+, Speed+++)))
Your lower body shifts to a powerful aquatic tail in water.


Message History

k - a black potion
Found a stone staircase leading down.
Found a hand axe.
A ribbon worm comes into view.
Found a ring mail.
A ribbon worm is nearby!
Found a scroll labelled WAOTTO BOGELE.
The helpless ribbon worm fails to defend itself.
You hit the ribbon worm but do no damage.
The ribbon worm expels a string of sticky webbing.
The stream of webbing hits you but does no damage.
You are caught in a web!
You are caught in a web!
You are caught in a web!
You struggle to detach yourself from the web.
You are caught in a web!
The web tears apart.
The ribbon worm barely misses you.
You hit the ribbon worm.
The ribbon worm is moderately wounded.
The ribbon worm bites you!
You hit the ribbon worm but do no damage.
The ribbon worm is lightly wounded.
The ribbon worm barely misses you.
You hit the ribbon worm but do no damage.
The ribbon worm is lightly wounded.
You hit the ribbon worm.
The ribbon worm is moderately wounded.
The ribbon worm bites you!
You hit the ribbon worm.
The ribbon worm is heavily wounded.
The ribbon worm bites you!
* * * LOW HITPOINT WARNING * * *
You barely miss the ribbon worm.
The ribbon worm is heavily wounded.
The ribbon worm expels a string of sticky webbing.
The stream of webbing misses you.
You hit the ribbon worm.
The ribbon worm is heavily wounded.
The ribbon worm bites you!
You die...

#### #... #... #######
#.<. ######### #.....#
#... ..[.....#
#.....####... ......w.#
#............
.......@####)........#+#
.....>...............+
.?.........###.......#
...).......# #.......+
...........# #.......#
...........# #####+###
#####+#....# ......
.....#.#


You could see a ribbon worm.

Vanquished Creatures
  An adder (D:2)
  A ball python (D:1)
  An endoplasm (D:1)
  3 giant cockroaches
  5 goblins
  2 hobgoblins (D:1)
  2 jackals (D:1)
  3 kobolds
  A quokka (D:2)
  6 bats
  2 frilled lizards
  A rat (D:1)
28 creatures vanquished.

Notes
Turn   | Place    | Note
-------+----------+-------------------------------------------
     0 | D:1      | SnakkuSnakku7 the Merfolk Air Elementalist began the quest
                  | for the Orb.
     0 | D:1      | Reached XP level 1. HP: 13/13 MP: 3/3
   188 | D:1      | Reached skill level 1 in Fighting
   188 | D:1      | Reached skill level 1 in Unarmed Combat
   190 | D:1      | Reached XP level 2. HP: 7/21 MP: 0/5
   962 | D:2      | Reached XP level 3. HP: 23/27 MP: 6/6
  1108 | D:2      | Noticed Terence
  1253 | D:3      | Slain by a ribbon worm

Illustrated notes

Levels and vault maps discovered:
D:1:      ldierk_walled_garden_2, layout_loops_ring, grunt_decor_fettered,
          serial_park_tiny_2
D:2:      layout_rooms, uniq_terence, uniq_crazy_yiuf_cottage
D:3:      layout_basic

Skill      XL: |  1  2  3 |
---------------+----------+-----
Fighting       | 1 2 |  2.2
Unarmed Combat | 1 2 |  2.2
Dodging        | |  2.6
Stealth        | |  2.1
Spellcasting   | |  2.0
Conjurations   | |  0.7
Air Magic      | |  2.4

Action                     || total
---------------------------++-------
  Melee: Unarmed           ||   181
         Punch             ||     3
   Cast: Shock             ||    10
   Stab: Sleeping          ||     5
 Armour: Robe              ||   121
  Dodge: Dodged            ||   148
